 Dungeon Crawl Stone Soup version 0.24.0-13-gcf9b319 (webtiles) character file.

Game seed: 988476195988738161, levelgen mode: deterministic

2877 DarkinPup the Fighter (level 9, -2/83 HPs)
             Began as a Minotaur Monk on Jan 4, 2020.
             Was a Priest of Okawaru.
             Killed by divine providence
             ... invoked by an orc priest
              (11 damage)
             ... on level 7 of the Dungeon.
             The game lasted 00:13:41 (5309 turns).

DarkinPup the Fighter (Minotaur Monk)               Turns: 5309, Time: 00:13:42

Health: -2/83      AC: 10    Str: 18    XL:     9   Next: 48%
Magic:  9/9        EV: 18    Int: 11    God:    Okawaru [***...]
Gold:   302        SH:  0    Dex: 14    Spells: 8/8 levels left

rFire    . . .     SeeInvis .   a - +0 falchion
rCold    . . .     Gourm    .   (no shield)
rNeg     . . .     Faith    .   m - +2 troll leather armour {Purgy}
rPois    +         Spirit   .   (helmet restricted)
rElec    .         Reflect  .   y - +2 cloak {rPois}
rCorr    .         Harm     .   (no gloves)
MR       .....                  (no boots)
Stlth    ++........             (no amulet)
HPRegen  0.63/turn              f - +4 ring of intelligence
MPRegen  0.11/turn              w - +1 ring of evasion

@: no status effects
A: retaliatory headbutt, horns 2
a: Heroism, Renounce Religion


You were on level 7 of the Dungeon.
You worshipped Okawaru.
Okawaru was most pleased with you.
You were not hungry.

You visited 2 branches of the dungeon, and saw 8 of its levels.

You collected 335 gold pieces.
You spent 33 gold pieces at shops.

Inventory:

Hand Weapons
 a - a +0 falchion (weapon)
Armour
 m - a +2 troll leather armour (worn) {Purgy}
 y - a +2 cloak of poison resistance (worn)
Jewellery
 f - a +4 ring of intelligence (left hand)
 i - an uncursed amulet of faith
 w - a +1 ring of evasion (right hand)
Wands
 k - a wand of disintegration (8)
 A - a wand of digging (5)
Scrolls
 b - 3 scrolls of amnesia {unknown}
 d - 2 scrolls of remove curse
 g - 2 scrolls of teleportation
 j - 3 scrolls of blinking
 n - a scroll of magic mapping
 o - a scroll of fog {unknown}
 s - 2 scrolls of enchant armour
 t - 4 scrolls of identify
 x - a scroll of fear {unknown}
Potions
 e - 2 potions of curing
 h - a potion of resistance
 l - 4 potions of haste
 p - 3 potions of magic
 q - a potion of flight
 r - 2 potions of degeneration {unknown}
 u - a potion of berserk rage {unknown}
 v - 2 potions of heal wounds {unknown}
 z - a potion of mutation {unknown}
Comestibles
 c - 8 rations


   Skills:
 * Level 9.3 Fighting
 * Level 9.2 Long Blades
 - Level 5.1 Armour
 * Level 8.3 Dodging
 - Level 1.5 Stealth
 + Level 1.5 Invocations


You had 8 spell levels left.
You didn't know any spells.
Your spell library contained the following spells:

 Spells                   Type           Power        Failure   Level  Hunger
 Magic Dart               Conj           #...         38%         1    ##.....
 Searing Ray              Conj           #.....       54%         2    ###....
 Dazzling Spray           Conj/Hex       #.....       77%         3    ####...
 Force Lance              Conj/Tloc      #.......     99%         4    #####..
 Fulminant Prism          Conj/Hex       #.........   99%         4    #####..
 Iskenderun's Mystic Bla  Conj           #.......     99%         4    #####..


Dungeon Overview and Level Annotations

Branches:
Dungeon (7/15)             Temple (1/1) D:4

Altars:
Ashenzari
Elyvilon
Fedhas
Gozag
Hepliaklqana
Kikubaaqudgha
Makhleb
Nemelex Xobeh
Okawaru
Ru
Trog
Vehumet
Wu Jian
Yredelemnul
Zin
The Shining One

Shops:
D:5 }=?*:

Annotations:
D:4 2 transporters, taozee's ghost, amateur DsBe


Innate Abilities, Weirdness & Mutations

You reflexively headbutt those who attack you in melee.
You have a pair of horns on your head.


Message History

Pain shoots through your body!
* * * LOW HITPOINT WARNING * * *
You hit the orc priest.
The orc priest is lightly wounded.
The orc hits you but does no damage.
You barely miss the orc priest. Your headbutt misses the orc priest.
The orc priest is lightly wounded.
The orc priest looks braver for a moment.
The orc completely misses you.
You hit the orc priest.
The orc priest is moderately wounded.
The orc priest invokes the aid of Beogh against you.
Beogh smites you!
* * * LOW HITPOINT WARNING * * *
The orc misses you.
You hit the orc priest but do no damage.
The orc priest is lightly wounded.
The orc priest mumbles some strange prayers to Beogh against you.
Beogh smites you!
You die...

......
..)..
#.... #...
... #.#
...####o##
.......o@#
....#.##)#
. # #.#
#..# #.##
#. #. ..
.#


You could see an orc priest and an orc.

Vanquished Creatures
  A two-headed ogre (D:5)
  A hungry ghost (D:7)
  Purgy (D:3)
  2 orc warriors
  A phantom (D:5)
  4 centaurs
  4 ogres
  A big kobold (shapeshifter) (D:6)
  3 scorpions
  A crimson imp (D:5)
  4 jellies
  2 hounds
  4 orc priests
  2 iguanas
  2 orc wizards
  6 worker ants
  2 hound skeletons
  6 gnolls
  11 adders
  A shadow imp (D:6)
  An adder skeleton (D:7)
  3 worms
  3 dart slugs
  4 leopard geckos
  13 orcs
  8 bats
  9 giant cockroaches
  4 goblins
  7 hobgoblins
  8 jackals
  6 kobolds
  2 quokkas
  2 ball pythons
  3 frilled lizards
  A jackal skeleton (D:5)
  A leopard gecko skeleton (D:4)
  10 rats
144 creatures vanquished.

Notes
Turn   | Place    | Note
-------+----------+-------------------------------------------
     0 | D:1      | DarkinPup the Minotaur Monk began the quest for the Orb.
     0 | D:1      | Reached XP level 1. HP: 19/19 MP: 0/0
   179 | D:1      | Reached XP level 2. HP: 27/27 MP: 1/1
   772 | D:2      | Reached XP level 3. HP: 28/33 MP: 2/2
  1370 | D:3      | Noticed Purgy
  1406 | D:3      | Killed Purgy
  1406 | D:3      | Reached skill level 5 in Fighting
  1406 | D:3      | Reached skill level 1 in Armour
  1406 | D:3      | Reached XP level 4. HP: 6/42 MP: 3/3
  1406 | D:3      | Reached XP level 5. HP: 7/48 MP: 4/4
  1538 | D:3      | Reached skill level 5 in Long Blades
  2088 | D:4      | Found a staircase to the Ecumenical Temple.
  2102 | Temple   | Entered the Ecumenical Temple
  2135 | D:4      | Noticed an ogre
  2148 | D:4      | Killed an ogre
  2148 | D:4      | Reached XP level 6. HP: 56/56 MP: 5/5
  2222 | D:4      | Found a transporter.
  2223 | D:4      | Noticed taozee's ghost (amateur DsBe)
  2267 | D:4      | Reached skill level 5 in Dodging
  2394 | D:4      | Found a transporter.
  2409 | D:4      | Reached XP level 7. HP: 37/63 MP: 6/6
  2889 | D:5      | Entered Level 5 of the Dungeon
  2892 | D:5      | Found Alickop's Assorted Antiques.
  3112 | D:5      | Found Zaaqapio's Gadget Shoppe.
  3159 | D:5      | Found Cutic's Jewellery Shop.
  3165 | D:5      | Bought a +1 ring of evasion for 33 gold pieces
  3192 | D:5      | Found Wamoloiv's Magic Scroll Emporium.
  3418 | D:5      | Found an iron altar of Okawaru.
  3470 | D:5      | Found Ottuilei's Book Emporium.
  3549 | D:5      | Became a worshipper of Warmaster Okawaru
  3549 | D:5      | Reached * piety under Okawaru
  3549 | D:5      | Reached ** piety under Okawaru
  3620 | D:5      | Reached XP level 8. HP: 46/73 MP: 7/7
  4261 | D:6      | Noticed a two-headed ogre
  4429 | D:5      | HP: 3/74 [two-headed ogre/+0 giant club (24)]
  4579 | D:5      | Killed a two-headed ogre
  4579 | D:5      | Reached *** piety under Okawaru
  4579 | D:5      | Reached skill level 5 in Armour
  4579 | D:5      | Reached XP level 9. HP: 51/82 MP: 8/8
  5076 | D:6      | Reached skill level 1 in Invocations
  5309 | D:7      | Killed from afar by an orc priest

Levels and vault maps discovered:
D:1:      dpeg_arrival_renting, layout_basic
D:2:      layout_loops_ring, hangedman_abyss_or_decor_stabs
D:3:      layout_basic, uniq_purgy
D:4:      minmay_octagon_keep, layout_basic, minmay_temple_entry_ruins,
          gammafunk_ghost_arena, first_ration, hangedman_decor_slide_cut
D:5:      layout_loops_corners, kennysheep_little_box, serial_shops,
          shop_statue, nicolae_shop_temple_entry_statues_fountains,
          nicolae_shop_waterfront, shop, nicolae_shop_statue_plus
D:6:      layout_loops_cross, st_stairs_10, roderic_lattice_a,
          minmay_three_doors
D:7:      layout_rooms, led_sif_book, gammafunk_ghost_hive
Temple:   minmay_freezing_vapour_temple

Skill      XL: |  1  2  3  4  5  6  7  8  9 |
---------------+----------------------------+-----
Fighting       | 4 5 6 7 8 9 |  9.3
Long Blades    | 4 5 6 7 8 9 |  9.2
Armour         | 1 2 3 5 |  5.1
Dodging        | 4 5 6 7 8 |  8.3
Invocations    | 1 |  1.5
Stealth        | |  1.5

Action                   |  1- 3 |  4- 6 |  7- 9 || total
-------------------------+-------+-------+-------++-------
Melee: Falchion          |   101 |   105 |   267 ||   473
       Headbutt          |    21 |    23 |    74 ||   118
Invok: Heroism           |       |       |     1 ||     1
Evoke: Wand              |       |       |     3 ||     3
  Use: Potion            |     3 |       |       ||     3
       Scroll            |       |    12 |       ||    12
 Stab: Sleeping          |     4 |       |     3 ||     7
       Distracted        |       |       |     1 ||     1
  Eat: Chunk             |     1 |     4 |     6 ||    11
       Ration            |       |       |     2 ||     2
Armor: Leather armour    |    31 |       |       ||    31
       Troll leather arm |       |    33 |    44 ||    77
Dodge: Dodged            |    71 |   103 |   178 ||   352
       Rpst.: Falchion   |    16 |    23 |    45 ||    84
